 Dungeon Crawl Stone Soup version 0.22-a0-469-gf26638a (webtiles) character file.

56 4thArraOfDagon the Chopper (level 3, -2/33 HPs)
             Began as a Hill Orc Monk on June 12, 2018.
             Was a Believer of Okawaru.
             Slain by a frilled lizard (3 damage)
             ... on level 2 of the Dungeon.
             The game lasted 00:02:15 (634 turns).

4thArraOfDagon the Chopper (Hill Orc Monk)           Turns: 634, Time: 00:02:16

Health: -2/33      AC:  3    Str: 13    XL:     3   Next: 95%
Magic:  3/3        EV: 12    Int: 16    God:    Okawaru [**....]
Gold:   84         SH:  0    Dex: 13    Spells: 2/2 levels left

rFire    . . .     SeeInvis .   a - +0 hand axe
rCold    . . .     Gourm    .   (no shield)
rNeg     . . .     Faith    .   b - +0 robe
rPois    .         Spirit   .   (no helmet)
rElec    .         Reflect  .   (no cloak)
rCorr    .         Harm     .   (no gloves)
MR       .....                  g - +0 pair of boots
Stlth    ++........             (no amulet)
HPRegen  0.11/turn              (no ring)
MPRegen  0.08/turn              (no ring)

@: brilliant, drained
A: no striking features
a: Heroism, Renounce Religion


You were on level 2 of the Dungeon.
You worshipped Okawaru.
Okawaru was pleased with you.
You were not hungry.

You visited 1 branch of the dungeon, and saw 3 of its levels.

You collected 84 gold pieces.

Inventory:

Hand Weapons
 a - a +0 hand axe (weapon)
Armour
 b - a +0 robe (worn)
 g - a +0 pair of boots (worn)
Wands
 h - a wand of paralysis (11)
Scrolls
 d - a scroll of noise {unknown}
 e - a scroll of amnesia {unknown}
 f - a scroll of remove curse {unknown}
 i - a scroll of identify {unknown}
Comestibles
 c - 6 rations


   Skills:
 + Level 4.1(3.7) Fighting
 * Level 5.2(4.7) Axes
 + Level 2.7(2.3) Dodging
 - Level 1.5(1.1) Stealth
 + Level 1.2(0.8) Invocations


You had 2 spell levels left.
You didn't know any spells.
Your spell library was empty.

Dungeon Overview and Level Annotations

Branches:
Dungeon (3/15)

Altars:
Dithmenos
Kikubaaqudgha
Okawaru
Xom
The Shining One

Annotations:
D:2 Natasha, Sigmund


Message History

Aiming: Paralyse
Press: ? - help, Shift-Dir - straight line, f - Natasha
Aim: Natasha (chance to defeat MR: 46%) Natasha suddenly stops moving!
The frilled lizard barely misses you.
Unknown command.
The helpless Natasha fails to defend herself.
You hit Natasha.
Natasha is moderately wounded.
You hit the frilled lizard. The frilled lizard closely misses you.
The helpless Natasha fails to defend herself.
You hit Natasha.
Natasha is moderately wounded.
You barely miss the frilled lizard. You closely miss the white imp.
The frilled lizard bites you.
* * * LOW HITPOINT WARNING * * *
The white imp gestures at you. The puff of frost hits you!
* * * LOW HITPOINT WARNING * * *
The frilled lizard bites you.
You die...

#..........# #..
#..........# #..
#..........# #..
#..........# .## #..
#.....)....# .... #..
#..........# .....
#.. #....).....#
K.....##.†
#..>....hl5+
..........
#.......?@.#
......##..
#..........#...######
####
############...###
#... ........ #...
#.....# #... #.....#
#... . #.....# #...
... #.....# #...
.....#.....#######...


You could see Natasha (paralysed), a white imp and a frilled lizard.

Vanquished Creatures
  2 adders (D:2)
  A worm (D:2)
  A dart slug (D:2)
  A leopard gecko (D:2)
  2 bats
  4 giant cockroaches
  3 hobgoblins
  A jackal (D:2)
  2 kobolds
  3 frilled lizards
  4 goblins
  8 rats
32 creatures vanquished.

Notes
Turn   | Place    | Note
-------+----------+-------------------------------------------
     0 | D:1      | 4thArraOfDagon the Hill Orc Monk began the quest for the Orb.
     0 | D:1      | Reached XP level 1. HP: 19/19 MP: 1/1
    86 | D:1      | Reached XP level 2. HP: 19/27 MP: 2/2
   386 | D:2      | Found an iron altar of Okawaru.
   394 | D:2      | Became a worshipper of Warmaster Okawaru
   394 | D:2      | Reached * piety under Okawaru
   394 | D:2      | Reached ** piety under Okawaru
   414 | D:2      | Found a hazy altar of Hepliaklqana.
   416 | D:2      | Found an ancient bone altar of Kikubaaqudgha.
   416 | D:2      | Found a shimmering altar of Xom.
   418 | D:2      | Found a glowing golden altar of the Shining One.
   418 | D:2      | Found an iron altar of Okawaru.
   418 | D:2      | Found a shadowy altar of Dithmenos.
   431 | D:2      | Reached XP level 3. HP: 22/33 MP: 0/3
   504 | D:2      | Reached skill level 5 in Axes
   543 | D:2      | Reached skill level 1 in Invocations
   563 | D:2      | Noticed Sigmund
   624 | D:2      | Noticed Natasha
   634 | D:2      | HP: 1/33 [white imp/puff of frost[Natasha] (4)]
   634 | D:2      | Slain by a frilled lizard

Vault maps used:
D:1:      dpeg_arrival_ratfight
D:2:      doesnt_xom_only_xom, first_ration, okawaru_ov_weapons_minmay,
          uniq_sigmund, uniq_natasha
D:3:      lemuel_round_altar, uniq_jessica

Skill      XL: |  1  2  3 |
---------------+----------+-----
Fighting       | 4 |  4.1
Axes           | 5 |  5.2
Invocations    | 1 |  1.2
Dodging        | |  2.7
Stealth        | |  1.5

Action                   || total
-------------------------++-------
Melee: Hand axe          ||    87
       Punch             ||     1
Invok: Heroism           ||     2
Evoke: Wand              ||     2
  Use: Potion            ||     1
 Stab: Paralysed         ||     2
Armor: Robe              ||    25
Dodge: Dodged            ||    85

Table legend:
 A = Spawn XP
 B = Non-spawn XP
 C = Spawn XP percentage of total XP
 D = Spawn monster count
 E = Non-spawn monster count
 F = Spawn count percentage of total count
 G = Total turns spent on level
                    A         B        C        D         E        F      G
               +---------+---------+-------+---------+---------+-------+---------
         Total |       0 |      80 |   0.0 |       0 |      32 |   0.0 |   634
               +---------+---------+-------+---------+---------+-------+---------
           D:1 |       0 |      21 |   0.0 |       0 |      15 |   0.0 |   376
           D:2 |       0 |      59 |   0.0 |       0 |      17 |   0.0 |   239
               +---------+---------+-------+---------+---------+-------+---------
